 Dungeon Crawl Stone Soup version 0.24-a0-584-g9d6b971ae4 (webtiles) character file.

Game seed: 15644560975167968848, levelgen mode: deterministic

33460 GordonOverkill the Destroyer (level 13, -9/108 HPs)
             Began as a Barachi Fire Elementalist on Sept 3, 2019.
             Was an Elder of Vehumet.
             Engulfed by a cloud of flame (25 damage)
             ... on level 6 of the Lair of Beasts.
             The game lasted 00:54:50 (23171 turns).

GordonOverkill the Destroyer (BaFE)                Turns: 23171, Time: 00:54:51

Health: -9/108     AC: 10    Str: 12    XL:     13   Next: 71%
Magic:  12/29      EV: 14    Int: 24    God:    Vehumet [****..]
Gold:   955        SH:  6    Dex: 13    Spells: 8/36 levels left

rFire    . . .     SeeInvis .   P - +1 hunting sling (flame)
rCold    . . .     Gourm    .   (no shield)
rNeg     . . .     Faith    .   v - +2 robe of Byceymat {rElec MR+ Int+4}
rPois    .         Spirit   .   F - +1 helmet
rElec    +         Reflect  +   G - +0 cloak
rCorr    .         Harm     .   (no gloves)
MR       ++...     Rnd*Rage +   o - +0 pair of boots
Stlth    ++........             D - +6 amulet of reflection
HPRegen  0.28/turn              p - +1 ring of protection
MPRegen  0.21/turn              h - ring of protection from magic

@: slow
A: +LOS, swims, talons 1, berserk 1, shaggy fur 1, slowness 1, strong 1, strong
legs 2
a: Hop, Renounce Religion


You were on level 6 of the Lair of Beasts.
You worshipped Vehumet.
Vehumet was greatly pleased with you.
You were not hungry.

You visited 2 branches of the dungeon, and saw 17 of its levels.

You collected 1097 gold pieces.
You spent 142 gold pieces at shops.

Inventory:

Hand Weapons
 m - a +0 trident of freezing
 x - a +5 whip of venom
 P - a +1 hunting sling of flaming (weapon)
Missiles
 a - 2 throwing nets
 c - 12 boomerangs
 f - 386 stones
 J - 5 boomerangs of dispersal
 Q - a sling bullet (quivered)
Armour
 o - a +0 pair of boots (worn)
 v - the +2 robe of Byceymat (worn) {rElec MR+ Int+4}
   (You bought it in a shop on level 4 of the Dungeon)

   It affects your intelligence (+4).
   It insulates you from electricity.
   It affects your resistance to hostile enchantments.
 z - a +2 leather armour of fire resistance
 F - a +1 helmet (worn)
 G - a +0 cloak (worn)
Jewellery
 h - a ring of protection from magic (right hand)
 p - a +1 ring of protection (left hand)
 r - an uncursed amulet of regeneration
 s - an uncursed ring of ice
 y - an uncursed ring of positive energy
 D - a +6 amulet of reflection (around neck)
 I - an uncursed amulet of magic regeneration {unknown}
 M - an uncursed amulet of faith
Wands
 B - a wand of polymorph (9)
Scrolls
 b - 3 scrolls of immolation
 n - 5 scrolls of amnesia
 q - 8 scrolls of teleportation
 E - 5 scrolls of remove curse
 K - 3 scrolls of identify
 L - a scroll of summoning {unknown}
 O - a scroll of fog {unknown}
Potions
 d - 4 potions of lignification
 e - a potion of ambrosia
 j - a potion of cancellation
 k - 2 potions of magic
 l - a potion of flight
 t - a potion of might
 u - a potion of invisibility
 w - 2 potions of haste
 C - a potion of agility
 H - 2 potions of mutation
Miscellaneous
 N - a lamp of fire (inert)
Comestibles
 g - 8 rations
 i - 7 chunks of flesh


   Skills:
 + Level 12.1 Fighting
 - Level 5.0 Dodging
 - Level 2.0 Stealth
 + Level 12.2 Spellcasting
 + Level 12.2 Conjurations
 + Level 12.1 Fire Magic
 - Level 5.0 Evocations


You had 8 spell levels left.
You knew the following spells:

 Your Spells              Type           Power        Failure   Level  Hunger
a - Flame Tongue          Conj/Fire      #####        1%          1    None
b - Conjure Flame         Conj/Fire      ######..     1%          3    None
c - Sticky Flame          Conj/Fire      ######..     1%          4    None
d - Fireball              Conj/Fire      ######....   1%          5    ###....
e - Ignite Poison         Fire/Tmut/Pois ####....     1%          3    None
f - Blink                 Tloc           N/A          6%          2    None
g - Mephitic Cloud        Conj/Pois/Air  ####....     1%          3    None
h - Spellforged Servitor  Conj/Summ      #####.....   56%         7    ######.

Your spell library contained the following spells:

 Spells                   Type           Power        Failure   Level  Hunger
 Magic Dart               Conj           ####         1%          1    None
 Throw Flame              Conj/Fire      ######       1%          2    None
 Inner Flame              Hex/Fire       #####...     1%          3    None
 Bolt of Magma            Conj/Fire/Erth ######....   1%          5    ###....
 Iskenderun's Battlesphe  Conj/Chrm      #####...     2%          5    ###....
 Venom Bolt               Conj/Pois      #####.....   2%          5    ###....
 Animate Skeleton         Necr           N/A          4%          1    None
 Pain                     Necr           ##..         4%          1    None
 Call Imp                 Summ           ##......     6%          2    None
 Slow                     Hex            ##......     6%          2    None
 Orb of Destruction       Conj           ######....   7%          7    ######.
 Regeneration             Chrm/Necr      ##........   13%         3    None
 Vampiric Draining        Necr           ##........   13%         3    None
 Iron Shot                Conj/Erth      #####.....   14%         6    #####..
 Animate Dead             Necr           N/A          38%         4    None


Dungeon Overview and Level Annotations

Branches:
Dungeon (12/15)            Temple (0/1) D:6            Lair (4/6) D:10
  Swamp (0/4) Lair:4       Spider (0/4) Lair:2        Slime (0/5) Lair:6
    Orc (0/2) D:11

Altars:
Ashenzari
Fedhas
Hepliaklqana
Uskayaw
Vehumet
The Shining One
Beogh

Shops:
D:4 [   D:6 }

Annotations:
D:5 3 runed translucent doors, SlightEye's ghost, novice FoFi
D:7 3 runed translucent doors, wazuzu's ghost, novice GnFi
Lair:3 exclusion: orange crystal statue


Innate Abilities, Weirdness & Mutations

Shadows flee at your approach. (+LOS)
You can swim through water.
You cover ground slowly.
You can hop long distances.
You have sharp toenails.
You tend to lose your temper in combat.
You are covered in fur. (AC +1)
Your muscles are strong. (Str +2)


Message History

Casting: Flame Tongue (safe; 1% risk of failure)
Confirm with . or Enter, or press ? or * to list all spells.
Aiming: Flame Tongue (safe; 1% risk of failure)
Press: ? - help, Shift-Dir - straight line, f/p - wind drake
Aim: a wind drake (lightly wounded, deflecting missiles, catching its breath)
The wind drake deflects the flame tongue!
You are engulfed in blazing flames.
* * * LOW HITPOINT WARNING * * *
The wind drake flaps its wings at you. The air twists around and strikes you!
* * * LOW HITPOINT WARNING * * *
Casting: Flame Tongue (safe; 1% risk of failure)
Confirm with . or Enter, or press ? or * to list all spells.
Aiming: Flame Tongue (safe; 1% risk of failure)
Press: ? - help, Shift-Dir - straight line, f/p - wind drake
Aim: a wind drake (lightly wounded, deflecting missiles, catching its breath)
The flame tongue hits the wind drake.
The wind drake is lightly wounded.
You are engulfed in blazing flames.
You die...

,,,,,,,,,,,,,,,**
#.#.*,,,,,,,,,**
....,**,,,,*,,*
#.#,#.#*,,,,*,*
........,,**,**
#.#.#...,,****
..,,...k.,*,*
.#,,......,### ###
...,.#....##.###@#
....#.........#k##
...............##
............((..#
P#...#...((((...##
P.......(.(((....#
........(((.(...P#
......PP((.#(..###
......P.(..(....#


You could see a wind drake.

Vanquished Creatures
  Harold (D:7)
  5 hydras
  Erica (D:8)
  2 oklob plants (Lair:2)
  7 elephants
  Joseph (D:7)
  A black mamba (Lair:6)
  13 spiny frogs
  A gargoyle (D:11)
  5 rime drakes
  6 komodo dragons
  3 jumping spiders (Lair:2)
  A troll (D:8)
  2 polar bears (Lair:6)
  3 wind drakes (Lair:6)
  2 hornets
  9 blink frogs
  2 hippogriffs
  A bog body (Lair:4)
  A basilisk (Lair:1)
  33 yaks
  Eustachio (D:6)
  2 hungry ghosts
  Menkaure (D:5)
  3 wargs (D:10)
  Edmund (D:5)
  9 water moccasins
  4 porcupines
  A sky beast (D:9)
  5 ice beasts
  A necrophage (D:8)
  5 ogres
  2 orc warriors (D:9)
  3 phantoms
  7 centaurs
  6 crocodiles
  3 big kobolds
  12 bullfrogs
  2 scorpions (D:7)
  4 killer bees (D:8)
  9 wights
  6 howler monkeys
  6 crimson imps
  A centaur zombie (D:6)
  A bullfrog skeleton (D:5)
  10 hounds
  7 jellies
  A quasit (D:10)
  A bullfrog zombie (D:6)
  Crazy Yiuf (D:6)
  3 centaur skeletons
  A gnoll shaman (D:6)
  7 orc priests
  8 orc wizards
  5 iguanas
  10 worker ants
  4 hound skeletons
  A worker ant zombie (D:5)
  4 gnolls (D:6)
  6 adders
  2 shadow imps
  An adder skeleton (D:9)
  3 worms
  5 dart slugs
  6 leopard geckos
  53 orcs
  A giant cockroach (D:2)
  4 goblins (D:1)
  7 hobgoblins
  2 jackals (D:6)
  4 quokkas
  4 bats
  A frilled lizard (D:3)
  26 kobolds
  A leopard gecko skeleton (D:6)
  2 quokka skeletons
  7 rats
  3 plants
396 creatures vanquished.

Vanquished Creatures (others)
  A kobold (D:6)
  A bush (Lair:6)
  21 fungi
  18 plants (Lair:6)
41 creatures vanquished.

Grand Total: 437 creatures vanquished

Notes
Turn   | Place    | Note
-------+----------+-------------------------------------------
     0 | D:1      | GordonOverkill the Barachi Fire Elementalist began the
                  | quest for the Orb.
     0 | D:1      | Reached XP level 1. HP: 13/13 MP: 3/3
   116 | D:1      | Reached XP level 2. HP: 20/20 MP: 3/5
   540 | D:1      | Reached skill level 1 in Fighting
   727 | D:1      | Reached XP level 3. HP: 21/26 MP: 2/6
  1563 | D:2      | Learned a level 3 spell: Conjure Flame
  2160 | D:3      | Found a hazy altar of Hepliaklqana.
  2163 | D:3      | Noticed a water moccasin
  2167 | D:3      | Reached XP level 4. HP: 32/32 MP: 3/8
  2174 | D:3      | Killed a water moccasin
  2174 | D:3      | Reached XP level 5. HP: 14/39 MP: 1/9
  2423 | D:3      | Found a glowing golden altar of the Shining One.
  2629 | D:3      | Reached XP level 6. HP: 43/46 MP: 2/10
  3385 | D:4      | Learned a level 4 spell: Sticky Flame
  3469 | D:4      | Reached XP level 7. HP: 47/53 MP: 3/12
  3506 | D:4      | Reached skill level 5 in Fire Magic
  3796 | D:4      | Found Layttekk's Antique Armour Emporium.
  3801 | D:4      | Bought a shadowed robe for 142 gold pieces
  3811 | D:4      | Identified the +2 robe of Byceymat {rElec MR+ Int+4} (You
                  | bought it in a shop on level 4 of the Dungeon)
  3929 | D:4      | Reached skill level 5 in Fighting
  4110 | D:5      | Entered Level 5 of the Dungeon
  4410 | D:5      | Noticed Menkaure
  4414 | D:5      | Killed Menkaure
  4414 | D:5      | Reached skill level 5 in Spellcasting
  4419 | D:5      | Reached XP level 8. HP: 60/62 MP: 1/16
  4617 | D:5      | Found a radiant altar of Vehumet.
  4617 | D:5      | Found a blossoming altar of Fedhas.
  4621 | D:5      | Found a hide-covered altar of Uskayaw.
  4669 | D:5      | Became a worshipper of Vehumet
  5095 | D:5      | Noticed Edmund
  5291 | D:5      | Killed Edmund
  5455 | D:5      | Found a runed translucent gate.
  5497 | D:5      | Found a runed translucent gate.
  5497 | D:5      | Found a runed translucent gate.
  5498 | D:5      | Noticed SlightEye's ghost (novice FoFi)
  5572 | D:6      | Noticed Eustachio
  5617 | D:6      | Killed Eustachio
  5617 | D:6      | Reached skill level 5 in Conjurations
  5804 | D:5      | Reached XP level 9. HP: 55/68 MP: 0/19
  6077 | D:6      | Reached * piety under Vehumet
  6077 | D:6      | Offered knowledge of Freeze by Vehumet.
  6198 | D:6      | Found a runed translucent door.
  6199 | D:6      | Noticed Crazy Yiuf
  6238 | D:6      | Found Peuhuneo's Gadget Shoppe.
  6558 | D:6      | Found a staircase to the Ecumenical Temple.
  6764 | D:6      | Killed Crazy Yiuf
  6916 | D:7      | Noticed a hornet
  7155 | D:6      | Learned a level 5 spell: Fireball
  7300 | D:6      | Found Peuhuneo's Gadget Shoppe.
  7315 | D:6      | Killed a hornet
  7436 | D:6      | Found a staircase to the Ecumenical Temple.
  7809 | D:7      | Found a shattered altar of Ashenzari.
  7809 | D:7      | Noticed Joseph
  7827 | D:7      | Killed Joseph
  8025 | D:7      | Reached XP level 10. HP: 77/77 MP: 15/21
  8172 | D:7      | Offered knowledge of Searing Ray by Vehumet.
  8252 | D:7      | Reached ** piety under Vehumet
  8507 | D:7      | Noticed Harold
  8514 | D:7      | HP: 3/79 [poisoned by Harold]
  8524 | D:7      | Killed Harold
  8542 | D:7      | HP: 3/79 [poisoned by Harold]
  8547 | D:7      | HP: 2/79 [poisoned by Harold]
  8553 | D:7      | HP: 2/79 [poisoned by Harold]
  9169 | D:7      | Found a runed translucent gate.
  9170 | D:7      | Identified the +4 spear of the Inquisitive Scars {pain,
                  | +Rage rC++ Int+3 Dex-2}
  9170 | D:7      | Noticed wazuzu's ghost (novice GnFi)
  9171 | D:7      | Found a runed translucent gate.
  9172 | D:7      | Found a runed translucent gate.
  9174 | D:7      | Found a roughly hewn altar of Beogh.
 10373 | D:8      | Reached skill level 10 in Conjurations
 10742 | D:8      | Noticed Erica
 10750 | D:8      | Killed Erica
 11108 | D:8      | Offered knowledge of Ignite Poison by Vehumet.
 11159 | D:8      | Learned a level 3 spell: Ignite Poison
 11417 | D:9      | Reached skill level 5 in Dodging
 11427 | D:9      | Reached XP level 11. HP: 46/86 MP: 16/23
 11676 | D:8      | HP: 4/86 [yak (9)]
 12114 | D:9      | Found a roughly hewn altar of Beogh.
 12169 | D:9      | Reached *** piety under Vehumet
 12212 | D:9      | Offered knowledge of Throw Icicle by Vehumet.
 13041 | D:10     | Entered Level 10 of the Dungeon
 13395 | D:10     | Reached **** piety under Vehumet
 13401 | D:10     | Reached skill level 10 in Fire Magic
 13405 | D:10     | Reached skill level 10 in Spellcasting
 13719 | D:10     | Found a staircase to the Lair.
 13949 | D:10     | Offered knowledge of Iskenderun's Mystic Blast by Vehumet.
 14315 | D:11     | Noticed a death knight
 14315 | D:11     | Noticed a phantasmal warrior
 14316 | D:11     | Noticed a phantasmal warrior
 14680 | D:11     | Noticed a red ugly thing
 14701 | D:11     | Noticed a red ugly thing
 14947 | D:11     | Learned a level 2 spell: Blink
 15025 | Lair:1   | Entered Level 1 of the Lair of Beasts
 15050 | Lair:1   | Got a brightly glowing hand axe
 15051 | Lair:1   | Identified the cursed +1 hand axe "Mide" {freeze, rN++}
                  | (You found it on level 1 of the Lair of Beasts)
 15101 | Lair:1   | Reached skill level 10 in Fighting
 15407 | Lair:1   | Reached skill level 1 in Evocations
 16156 | Lair:2   | Reached XP level 12. HP: 97/97 MP: 19/26
 16195 | Lair:2   | Learned a level 3 spell: Mephitic Cloud
 17071 | Lair:2   | Noticed a four-headed hydra
 17075 | Lair:2   | Killed a four-headed hydra
 17848 | Lair:2   | Reached ***** piety under Vehumet
 18178 | Lair:2   | Found a hole to the Spider Nest.
 18770 | Lair:3   | Offered knowledge of Spellforged Servitor by Vehumet.
 18944 | Lair:3   | Reached skill level 5 in Evocations
 19301 | Lair:3   | Learned a level 7 spell: Spellforged Servitor
 20112 | Lair:3   | Gained mutation: You can hop long distances. [Barachi
                  | growth]
 20112 | Lair:3   | Reached XP level 13. HP: 100/106 MP: 12/28
 21687 | Lair:4   | Found a staircase to the Swamp.
 21873 | Lair:4   | You fall into a shaft and drop 2 floors!
 21873 | Lair:6   | Entered Level 6 of the Lair of Beasts
 22526 | Lair:6   | Gained mutation: You tend to lose your temper in combat.
                  | [potion of mutation]
 22526 | Lair:6   | Gained mutation: You have sharp toenails. [potion of
                  | mutation]
 22526 | Lair:6   | Gained mutation: You are covered in fur. (AC +1) [potion of
                  | mutation]
 22526 | Lair:6   | Gained mutation: Your muscles are strong. (Str +2) [potion
                  | of mutation]
 23171 | Lair:6   | Engulfed by a cloud of flame

Levels and vault maps discovered:
D:1:      psy_arrival_conway, layout_basic, minmay_pentomino_s2
D:2:      layout_rooms
D:3:      layout_rooms, old_standard_altar, tso_metal_star, corexii_shack
D:4:      layout_loops_corners, serial_shops, shop, st_stairs_13
D:5:      layout_gridville, chequers_temple_overflow_statue_of_worship,
          first_ration, ebering_ghost_rock_garden, serial_co_window_serial,
          co_window_corner_a, co_window_corner_a, co_window_cross_1,
          co_window_of_opportunity_a, co_window_corner_a, co_window_paths_b,
          co_window_paths_a, co_window_corner_ca, co_window_of_opportunity_b,
          co_window_unsneaky_path_c, co_window_corner_b, glass_columns_a,
          glass_columns_a, glass_columns_c, glass_columns_a, uniq_edmund,
          uniq_menkaure
D:6:      layout_rooms, minmay_temple_entry_enclosed_plants, serial_shops,
          kennysheep_mini_moat, uniq_crazy_yiuf_cottage, uniq_eustachio
D:7:      layout_basic, old_standard_altar, biasface_ghost_orc_armoury,
          uniq_joseph, uniq_harold
D:8:      layout_gridville, uniq_erica
D:9:      layout_roguey [special_room_orc]
D:10:     layout_loops_ring, erik_lair_orcish_takeover
D:11:     layout_roguey, erik_orc_3, uniq_sonja, uniq_maurice
D:12:     layout_basic
Lair:1:   layout_chaotic_city, grunt_megastairs_2
Lair:2:   layout_roguey, spider_nest_entry_funnel_web, beast_lair_carwin_6,
          infiniplex_staircase_pool_2, minmay_lair_oklob_chamber
Lair:3:   layout_cave_pods, disabler_island, grunt_megastairs_5
Lair:4:   layout_cave_pods, skrybe_swamp_entry_bodies, minmay_lair_drake_nest
Lair:6:   gammafunk_lair_ancient_temple, layout_gridlike,
          dpeg_slime_entry_enclosed_altar, st_stairs_11

Skill      XL: |  1  2  3  4  5  6  7  8  9 10 11 12 13 |
---------------+----------------------------------------+-----
Stealth        | 2 |  2.0
Fighting       | 1 2 3 5 6 8 10 11 12 | 12.1
Dodging        | 3 4 5 |  5.0
Spellcasting   | 3 5 6 7 8 10 11 12 | 12.2
Conjurations   | 2 3 5 7 10 11 12 | 12.2
Fire Magic     | 4 5 6 8 10 11 12 | 12.1
Evocations     | 1 5 |  5.0

Action                   |  1- 3 |  4- 6 |  7- 9 | 10-12 | 13-15 || total
-------------------------+-------+-------+-------+-------+-------++-------
Melee: Short sword       |     5 |     7 |       |       |       ||    12
       Whip              |       |       |   143 |   319 |    21 ||   483
 Fire: Hunting sling     |       |       |       |       |    67 ||    67
Throw: Stone             |    33 |       |       |       |       ||    33
       Boomerang         |       |    13 |    34 |    54 |     9 ||   110
       Throwing net      |       |       |       |     1 |       ||     1
 Cast: Flame Tongue      |    71 |    59 |   114 |   209 |   108 ||   561
       Sticky Flame      |       |     1 |    55 |   126 |    33 ||   215
       Conjure Flame     |       |       |     1 |     9 |    37 ||    47
       Ignite Poison     |       |       |       |     7 |       ||     7
       Fireball          |       |       |       |    18 |     9 ||    27
       Mephitic Cloud    |       |       |       |     8 |     1 ||     9
 Abil: Hop               |       |       |     2 |     6 |     3 ||    11
Evoke: Wand              |       |       |       |    10 |       ||    10
       Lamp of fire      |       |       |       |       |     2 ||     2
  Use: Scroll            |     3 |     3 |     3 |    18 |     4 ||    31
       Potion            |       |       |     1 |    10 |     5 ||    16
 Stab: Sleeping          |     1 |       |       |       |       ||     1
       Confused          |       |       |       |     4 |       ||     4
  Eat: Chunk             |     5 |     5 |    14 |    26 |     4 ||    54
       Ration            |       |       |     2 |     7 |     2 ||    11
Armor: Robe              |    10 |     7 |    48 |    91 |    21 ||   177
       Skin              |       |       |       |       |     2 ||     2
Dodge: Dodged            |     9 |    27 |   147 |   285 |    43 ||   511
Block: Other             |       |       |       |   127 |    22 ||   149
       Reflection        |       |       |       |     6 |       ||     6

Table legend:
 A = Non-vault XP
 B = Vault XP
 C = Vault XP percentage of total XP
 D = Non-vault monster count
 E = Vault monster count
 F = Vault count percentage of total count
                 A         B        C        D         E       F
            +---------+---------+-------+---------+---------+-------
      Total |   32992 |   14809 |  31.0 |     315 |      78 |  19.8
            +---------+---------+-------+---------+---------+-------
        D:1 |      43 |       3 |   6.5 |      23 |       2 |   8.0
        D:2 |      14 |       0 |   0.0 |       8 |       0 |   0.0
        D:3 |     258 |       3 |   1.1 |      13 |       1 |   7.1
        D:4 |     538 |      63 |  10.5 |      21 |       2 |   8.7
        D:5 |     740 |     322 |  30.3 |      32 |       2 |   5.9
        D:6 |    1191 |     232 |  16.3 |      25 |       2 |   7.4
        D:7 |    1408 |    1520 |  51.9 |      34 |       2 |   5.6
        D:8 |    2070 |     881 |  29.9 |      26 |       1 |   3.7
        D:9 |    2698 |     487 |  15.3 |      28 |      26 |  48.1
       D:10 |    1188 |     631 |  34.7 |      19 |       8 |  29.6
       D:11 |    1188 |       0 |   0.0 |      10 |       0 |   0.0
       D:12 |     177 |       0 |   0.0 |       1 |       0 |   0.0
     Lair:1 |    2011 |     418 |  17.2 |      12 |       1 |   7.7
     Lair:2 |    5673 |    3723 |  39.6 |      21 |      12 |  36.4
     Lair:3 |    4968 |     471 |   8.7 |      14 |       2 |  12.5
     Lair:4 |    4735 |    1738 |  26.8 |      14 |       5 |  26.3
     Lair:6 |    4092 |    4317 |  51.3 |      14 |      12 |  46.2
            +---------+---------+-------+---------+---------+-------
